Cogmind - Beta 13 @@@ ROGUE MODE // 2024.05.19 @ 22:47:04 Player: kikul Result: Destroyed by G-34 Mercenary with Small Laser Performance ------------- Evolutions (1) 500 Regions Visited (2) 400 Robots Destroyed (6) 30 Value Destroyed (251) 251 Prototype IDs (0) 0 Alien Tech Used (0) 0 Bonus (0) 0 TOTAL SCORE: 1181 Bonus ------- None Cogmind --------- Core Integrity 0/400 Matter 300/300 Energy 73/100 System Corruption 0% Temperature Cool (22) Movement Core (750) Ox14 Location -9/Materials Parts ------- > --- POWER (1) -------- (None) > --- PROPULSION (2) --- (None) > --- UTILITY (4) ------ Large Storage Unit Large Storage Unit Power Shielding > --- WEAPON (2) ------- Spread Laser > --- INVENTORY (15) --- Light Treads Light Treads Wheel Wheel EM Pulse Gun Plasma Cutter Peak State ------------ > --- POWER ------------ Light Ion Engine > --- PROPULSION ------- Aluminum Leg Aluminum Leg > --- UTILITY ---------- Large Storage Unit Large Storage Unit > --- WEAPON ----------- Light Assault Rifle Grenade Launcher > --- INVENTORY -------- Light Treads Light Treads Wheel Wheel Heat Sink Power Shielding EM Pulse Gun EM Pulse Gun Plasma Cutter [Rating: 8] Favorites ----------- Power Ion Engine Engine Ion Engine Propulsion Aluminum Leg Leg Aluminum Leg Utility Large Storage Unit Device Heat Sink Storage Large Storage Unit Protection Power Shielding Weapon Light Assault Rifle Energy Gun EM Pulse Gun Ballistic Gun Light Assault Rifle Launcher Grenade Launcher Slashing Weapon Katana Build | -11 -10 -9 ------- Run | Yrd Mat Mat Slots Evolved 2 | . . 2 Power . | . . . Propulsion . | . . . Utility 2 | . . 2 Weapon . | . . . Parts Attached 17 | 4 4 9 Power 4 | 1 . 3 Engine 4 | 1 . 3 Core . | . . . Reactor . | . . . Propulsion 2 | 2 . . Treads . | . . . Leg 2 | 2 . . Wheel . | . . . Hover . | . . . Flight . | . . . Utility 5 | 1 2 2 Device 1 | . . 1 Storage 3 | 1 2 . Processor . | . . . Hackware . | . . . Protection 1 | . . 1 Artifact . | . . . Weapon 6 | . 2 4 Energy Gun 3 | . 1 2 Energy Cannon . | . . . Ballistic Gun 1 | . 1 . Ballistic Cannon . | . . . Launcher 1 | . . 1 Special Weapon . | . . . Impact Weapon . | . . . Slashing Weapon 1 | . . 1 Piercing Weapon . | . . . Special Melee Weapon . | . . . Unidentified Prototypes . | . . . Parts Lost 6 | . . 6 Power 1 | . . 1 Propulsion 2 | . . 2 Utility 1 | . . 1 Weapon 2 | . . 2 Highest Loss Streak 6 | . . 6 To Critical Strikes . | . . . Average Slot Usage (%) 61 | . 84 49 Engine 6 | . 14 2 Leg 13 | . 28 5 Storage 23 | . 27 22 Protection 5 | . . 8 Ballistic Gun 6 | . 13 2 Slashing Weapon 5 | . . 7 Naked Turns . | . . . Heaviest Build 48 | 10 48 46 Greatest Support 20 | 20 20 20 Greatest Overweight (x) 15 | 3 2 15 Average Overweight (x) 3 | . 1 8 Largest Inventory Capacity 15 | 8 15 15 Average Capacity 14 | 7 14 15 Most Carried 11 | 8 10 11 Average Carried 7 | 4 8 7 Final Capacity 15 | 8 15 15 Final Carried 10 | 8 10 6 Class Distribution -------------------- 100% | Mutant Dominant Class ---------------- Mutant | -10/Materials Mutant | -9/Materials Resources | -11 -10 -9 ----------- Run | Yrd Mat Mat Matter Collected 357 | 240 42 75 Remotely . | . . . Salvage Created 274 | . 42 232 Parts 16 | . 2 14 Haulers Intercepted . | . . . Recyclers Shooed . | . . . Parts Field Recycled . | . . . Retrieved Matter . | . . . Parts Self-Destructed . | . . . Prevented . | . . . Kills | -11 -10 -9 ------- Run | Yrd Mat Mat Combat Hostiles Destroyed 6 | . 1 5 Melee 3 | . . 3 Guns 2 | . 1 1 AOE 1 | . . 1 Classes Destroyed 3 | . 1 2 Grunt 3 | . 1 2 Duelist 2 | . . 2 Sentry 1 | . . 1 Best Kill Streak 2 | . 1 2 Combat Bots Only 2 | . 1 2 Max Kills in Single Turn 1 | . 1 1 Gunslinging . | . . . Exploded 1 | . . 1 Melee 1 | . . 1 Uniques/NPCs Destroyed . | . . . Combat | -11 -10 -9 -------- Run | Yrd Mat Mat Hostile Shots Fired 107 | . 13 94 Missed 23 | . 3 20 Damage Taken 1228 | . 99 1129 Core 404 | . . 404 Absorbed by Shields . | . . . Redirected to Shielding 9 | . . 9 Core Remaining (%) 100 | 100 100 . Volleys Fired 17 | . 4 13 Largest 2 | . 2 1 Hottest 65 | . 60 65 Shots Fired 20 | . 7 13 Gun 19 | . 7 12 Cannon . | . . . Launcher 1 | . . 1 Special . | . . . Kinetic 7 | . 4 3 Thermal 6 | . . 6 Explosive 1 | . . 1 Electromagnetic 6 | . 3 3 Robot Hit Streak 4 | . 3 4 Robot Miss Streak 3 | . 1 3 Penetration Max . | . . . Secondary Targets . | . . . Shots Hit Robots 25 | . 3 22 Core Hits 11 | . 2 9 Critical Kills . | . . . Critical Parts Destroyed . | . . . Critical Strikes 2 | . . 2 Sever 2 | . . 2 Melee Attacks 15 | . . 15 Impact . | . . . Slashing 15 | . . 15 Piercing . | . . . Sneak Attacks . | . . . Combat Hostiles . | . . . Follow-up Attacks . | . . . Damage Inflicted 500 | . 35 465 Guns 92 | . 35 57 Cannons . | . . . Explosions 57 | . . 57 Melee 351 | . . 351 Ramming . | . . . Kinetic 13 | . 7 6 Thermal 17 | . . 17 Explosive 57 | . . 57 Electromagnetic 62 | . 28 34 Impact . | . . . Slashing 351 | . . 351 Piercing . | . . . Highest Corruption . | . . . Average Corruption . | . . . Corruption Purged . | . . . Corruption Blocked . | . . . Overload Shots . | . . . Overflow Damage 10 | . . 10 Projectiles . | . . . Explosions 10 | . . 10 Melee . | . . . Knockbacks . | . . . Impact . | . . . Kinetic . | . . . Secondary . | . . . Self-Inflicted Damage 37 | . . 37 Shots 1 | . . 1 Rammed . | . . . Targets Rammed . | . . . Kicked . | . . . Crushed . | . . . Highest Temperature 76 | . 32 76 Average Temperature 23 | . 18 26 Received Heat Transfer 489 | . 36 453 Siege Activations . | . . . Robots Corrupted . | . . . Combat Hostiles . | . . . Parts Fried . | . . . Impact Corruptions . | . . . Robots Melted . | . . . Combat Hostiles . | . . . Parts Melted . | . . . Heat Transferred 20 | . . 20 Parts Sabotaged . | . . . Parts Stolen . | . . . Parts Stripped . | . . . Power Chain Reactions . | . . . Alert | -11 -10 -9 ------- Run | Yrd Mat Mat Peak Influence 65 | . 53 65 Initial 22 | . . 22 Average 29 | . 29 32 Maximum Alert Level . | . . . Low Security (%) 100 | 100 100 100 Level 1 . | . . . Level 2 . | . . . Level 3 . | . . . Level 4 . | . . . Level 5 . | . . . High Security . | . . . Max Security . | . . . Squads Dispatched 2 | . 1 1 Investigation 1 | . 1 . Extermination . | . . . Reinforcement 1 | . . 1 Assault . | . . . Garrison . | . . . Intercept . | . . . Searches Triggered . | . . . Construction Impeded . | . . . Haulers Reinforced . | . . . Active Scanning Responses . | . . . Cargo Convoy Interrupts . | . . . Stealth | -11 -10 -9 --------- Run | Yrd Mat Mat Distress Signals 2 | . 1 1 Communications Jammed . | . . . Distress Signals . | . . . Times Spotted 18 | . 5 13 Peak Tracking Total 7 | . 7 5 Tactical Retreats 1 | . . 1 Traps | -11 -10 -9 ------- Run | Yrd Mat Mat Traps Triggered 1 | . 1 . Indirectly . | . . . Trap Hack Attempts . | . . . Triggered . | . . . Disarmed . | . . . Reprogrammed . | . . . Reused . | . . . Traps Extracted . | . . . Installed . | . . . Triggered . | . . . Machines | -11 -10 -9 ---------- Run | Yrd Mat Mat Machines Disabled 1 | . 1 . Max in Single Turn 1 | . 1 . Machines Repaired . | . . . Machines Dismantled . | . . . Machines Sabotaged . | . . . Overloaded Fab Kills . | . . . Hacking | -11 -10 -9 --------- Run | Yrd Mat Mat Machines Accessed 3 | . 2 1 Terminals 2 | . 2 . Fabricators . | . . . Repair Stations . | . . . Recycling Units 1 | . . 1 Scanalyzers . | . . . Garrison Access . | . . . Total Hacks 12 | . 9 3 Successful 11 | . 8 3 Failed 1 | . 1 . Catastrophic . | . . . Database Lockouts . | . . . Manual . | . . . Terminals 9 | . 9 . Fabricators . | . . . Repair Stations . | . . . Recycling Units 3 | . . 3 Scanalyzers . | . . . Garrison Access . | . . . Terminal Hacks 8 | . 8 . Record 6 | . 6 . Alert Level 2 | . 2 . Fabricator Hacks . | . . . Repair Station Hacks . | . . . Recycling Unit Hacks 3 | . . 3 Recycle Component 1 | . . 1 Process 1 | . . 1 Report Inventory 1 | . . 1 Scanalyzer . | . . . Garrison Access Hacks . | . . . Unauthorized Hacks . | . . . Terminals . | . . . Fabricators . | . . . Repair Stations . | . . . Recycling Units . | . . . Scanalyzers . | . . . Garrison Access . | . . . Data Cores Recovered . | . . . Used . | . . . Hacking Detections 2 | . 1 1 Full Trace Events 1 | . . 1 Feedback Events . | . . . Feedback Blocked . | . . . Robot Schematics Acquired . | . . . Robots Built . | . . . Authchips . | . . . Time . | . . . Total Robot Build Rating . | . . . Part Schematics Acquired . | . . . Parts Built . | . . . Authchips . | . . . Time . | . . . Total Part Build Rating . | . . . Parts Repaired . | . . . Time . | . . . Parts Recycled 1 | . . 1 Recycled Matter 20 | . . 20 Retrieved Matter . | . . . Retrieved Components . | . . . Parts Scanalyzed . | . . . Part Schematics Acquired . | . . . Parts Damaged . | . . . Bothacking | -11 -10 -9 ------------ Run | Yrd Mat Mat Used RIF Installer . | . . . Robots Hacked . | . . . Non-combat . | . . . Combat . | . . . Robot Hacks Applied . | . . . Relay Couplers Released . | . . . Fabnet Peak Effective % . | . . . Robots Rewired . | . . . Allies Hacked . | . . . Hacks Repelled . | . . . Allies | -11 -10 -9 -------- Run | Yrd Mat Mat Total Allies . | . . . Largest Group . | . . . Highest-Rated Group . | . . . Highest-Rated Ally . | . . . Total Orders . | . . . Ally Attacks . | . . . Total Damage . | . . . Kills . | . . . Allies Corrupted . | . . . Allies Melted . | . . . Intel | -11 -10 -9 ------- Run | Yrd Mat Mat Robot Analysis Total . | . . . Derelict Logs Recovered . | . . . Drone Launches . | . . . Drone Recoveries . | . . . Exploration | -11 -10 -9 ------------- Run | Yrd Mat Mat Turns Passed 1184 | 91 387 706 Spaces Moved 332 | 64 148 120 Core 88 | 24 . 64 Treads . | . . . Legs 244 | 40 148 56 Wheels . | . . . Hover . | . . . Flight . | . . . Fastest Speed 50 | 50 120 260 Average Speed 322 | 111 249 524 Slowest Speed 800 | 200 260 800 Overloaded Moves . | . . . Propulsion Burnouts . | . . . Robots Hopped . | . . . Cave-ins Triggered . | . . . Exploration Rate (%) 14 | 5 28 11 Regions Visited 2 Branch Regions . Pre-discovered Areas . | . . . Known Exits Taken . | . . . Unknown Exits Taken 2 | 1 1 . Scrap Searched . | . . . Spaces Dug . | . . . Terrain Destroyed 7 | . . 7 Melee . | . . . Projectile . | . . . AOE 7 | . . 7 Terrain Rammed . | . . . Walls Destroyed . | . . . Machines Disabled . | . . . Actions | -11 -10 -9 --------- Run | Yrd Mat Mat Total 409 | 83 164 162 Wait 4 | 4 . . Move 330 | 63 147 120 Hop . | . . . Pick Up 21 | 12 6 3 Fast Attach . | . . . Attach 14 | 4 4 6 Detach 1 | . 1 . Swap 3 | . . 3 Drop 4 | . 2 2 Fire 17 | . 4 13 Melee 15 | . . 15 Ram . | . . . Kick . | . . . Crush . | . . . Escape Stasis . | . . . Rewire . | . . . Trap . | . . . Miscellaneous . | . . . Route ------- -11/Scrapyard -10/Materials -9/Materials History --------- Turn | Location | Event 27 | -11/Scrapyard | Discovered new exit (range 16) 92 | -11/Scrapyard | Entered Materials 300 | -10/Materials | Build established: Mutant 454 | -10/Materials | Discovered new exit (range 10) 479 | -10/Materials | Entered another Materials area 479 | -9/Materials | Evolved 2 slots: Utility x2 662 | -9/Materials | Core integrity fell below 50% 695 | -9/Materials | Lost 6 parts (1p2n1u2w) 1175 | -9/Materials | Core integrity fell below 20% 1185 | -9/Materials | Destroyed by G-34 Mercenary with Small Laser Last Messages --------------- 00964_ Acquired Spread Laser. 00964_ K-01 Serf cleans the Terminal. 01085_ O-16 Technician: "IFF HANDSHAKE FAILED. SECURING TERMINAL." 01092_ ALERT: Hostiles spotted, dispatching reinforcements to Terminal M002. 01105_ G-34 Mercenary Aluminum Leg severed. 01108_ W-16 Scout sends out distress signal. 01115_ G-34 Mercenary destroyed. 01118_ K-01 Serf collects debris. 01125_ L-31 Rogue destroyed. 01125_ R-06 Scavenger collects Aluminum Leg. 01151_ R-06 Scavenger collects Ion Engine. 01153_ K-01 Serf collects debris. 01155_ R-06 Scavenger collects Imp. Aluminum Leg. 01158_ K-01 Serf collects debris. 01165_ Dropped Katana. 01166_ R-06 Scavenger collects Katana. 01176_ Acquired 10 matter. Map ----- +----------------------------------------------------+ | ?????????????????????????????????????????????????? | | ?????????????????????????????????????????????????? | | ?????????????????????????????????????????????????? | | ?????????????????????????????????????????????????? | | ?????????????????????????????????????????????????? | | ?????????????????????????????????????????????????? | | ?????????????????????????????????????????????????? | | ?????????????????????????????????????????????????? | | ?????????????????????????????????????????????????? | | ?????????????????????????????????????????????????? | | ?????????????????????????????????????????????????? | | ??##?????????????????????????????????????????????? | | ??!!##???????????????????????????????????????????? | | ?? !#???????????????????????????????????????????? | | ?? #???????????????????????????????????????????? | | ??# #???????????????????????????????????????????? | | ??# ????????????????????????????????????????????? | | ??# #????????????????????????????????????????????? | | ### ###??????????????????????????????????????????? | | # ######???????########??????????????????????? | | # ######### #??????????????????????? | | + #??????????????????????? | | # ##+###### #??????????????????????? | | # ###### ## #??????????????????????? | | #######????# T ## g #??????????????????????? | | #??????????# ## @#??????????????????????? | | ############ #######g#??????????????????????? | | + ####+####???? % ?????????????????????? | | # """ #??# ????? g ???????????????????? | | # "Y" #??###????### ?????????????????? | | # #???????????# ???????????????? | | + #???????????# #########??????????????? | | # """ #???????????# #??????????????????????? | | # """ #???????????+ #??????????????????????? | | # """ #???????????# #??????????????????????? | | # #???????????## #???????????????????????? | | ##########????????????#a????????????????????????? | | #???????????????# ????????????????????????? | | ##### #???????????????# ????????????????????????? | | #?????????????????????? ????????????????????????? | | #?????????????????????? ????????????????????????? | | #?????????????????????? ????????????????????????? | | #???????????????????????????????????????????????? | | #???????????????????????????????????????????????? | | ##???????????????????????????????????????????????? | | ?????????????????????????????????????????????????? | | ?????????????????????????????????????????????????? | | ?????????????????????????????????????????????????? | | ?????????????????????????????????????????????????? | | ?????????????????????????????????????????????????? | +----------------------------------------------------+ Best States ------------- Heat Dissipation 28 Energy Generation 10 Energy Capacity 250 Matter Stores 300 Matter Capacity 300 Sight Range 16 Terrain Scan Density 10 Power Shielding 33 Evasion (%) 55 Item Schematics ----------------- None Robot Schematics ------------------ None Fabricated ------------ Nothing Alien Tech Used ----------------- None Achievements -------------- None Challenges ------------ None Game ------ Seed AlertWarpMediator Manual? 0 Play Time 00:16:30 Cumulative 4.3 hours Start 2024.05.19 @ 22:27:48 End 2024.05.19 @ 22:47:04 Sessions 1 Manual Loads 0 Difficulty Rogue Special Mode None Game No. 5 Rogue 5 Adventurer 0 Explorer 0 Win Type - Total 0 Types 0/0/0/0/0/0/0/0/0 Lore% 1 Gallery% 6 Achievement% 5 Wizard Run 0 Options --------- Layout 2 ASCII 0 Keyboard 0 Movement Mouse Keybinds 0 Fullscreen 2 Font 32/SmallcapsGlow Map View 50x44 Zoom Use 20% Tactical HUD 1 Map Filters NONE Filters NONE Steam 1 RUN: 1bd46977-2d90-4802-aba5-8ae71da7adf2